 Dungeon Crawl Stone Soup version 0.31-a0-325-g067879e3d3 (webtiles) character file.

Game seed: 11010041446772882025

303 AdnanSaban the Covered (level 6, -2/39 HPs)
             Began as a Gargoyle Fighter on July 18, 2023.
             Slain by Pikel
             ... wielding a +2 whip of flaming
              (3 damage)
             ... on level 4 of the Dungeon.
             The game lasted 00:03:49 (2994 turns).

AdnanSaban the Covered (Gargoyle Fighter)           Turns: 2994, Time: 00:03:50

Health: -2/39      AC: 16    Str: 22    XL:     6   Next: 38%
Magic:  6/6        EV:  8    Int:  8    God:
Gold:   141        SH:  4    Dex:  9    Spells: 5/5 levels left

rFire   . . .        o - +4 whip
rCold   . . .        c - +0 buckler
rNeg    + . .        i - +0 chain mail
rPois   ∞            a - +1 hat
rElec   +            j - +0 cloak
rCorr   .            (no gloves)
SInv    .            (no boots)
Will    +....        (no amulet) Stlth
                     k - ring of willpower
HPRegen 0.26/turn    (no ring)
MPRegen 0.10/turn

%: no passive effects
@: no status effects
A: sickness immunity, AC +4, negative energy resistance 1, electricity
resistance, torment resistance 1, petrification resistance
a: no special abilities


You were on level 4 of the Dungeon.
You visited 1 branch of the dungeon, and saw 4 of its levels.

You collected 141 gold pieces.

Inventory:

Hand Weapons
 o - a +4 whip (weapon)
Armour
 a - a +1 hat (worn)
 c - a +0 buckler (worn)
 i - a +0 chain mail (worn)
 j - a +0 cloak (worn)
Jewellery
 k - a ring of willpower (left hand)
 p - an amulet of magic regeneration
Scrolls
 b - 2 scrolls of blinking {unknown}
 e - 2 scrolls of teleportation {unknown}
 f - 2 scrolls of vulnerability {unknown}
 g - a scroll of revelation {unknown}
 l - 4 scrolls of identify {unknown}
 m - a scroll of enchant weapon {unknown}
 n - a scroll of noise {unknown}
Potions
 d - 3 potions of might
 h - 5 potions of curing {unknown}


   Skills:
 + Level 4.4 Fighting
 + Level 4.2 Maces & Flails
 + Level 4.9 Armour
 + Level 4.2 Shields


You had 5 spell levels left.
You didn't know any spells.
Your spell library contained the following spells:

 Spells                   Type           Power      Damage    Failure   Level
 Apportation              Tloc           0%         N/A       97%         1
 Necrotise                Necr           0%         1d4       97%         1
 Summon Small Mammal      Summ           0%         N/A       97%         1
 Wereblood                Tmut           0%         N/A       99%         2
 Ozocubu's Armour         Ice            0%         N/A       100%        3
 Ozocubu's Refrigeration  Ice            0%         4d7       100%        7
 Summon Hydra             Summ           0%         N/A       100%        7
 Sublimation of Blood     Necr           Unusable   N/A       N/A         2

Dungeon Overview and Level Annotations

Branches:
Dungeon (4/15)
 Temple: D:4-7

Altars:
Makhleb
Nemelex Xobeh
Trog
The Shining One

Annotations:
D:4 Pikel


Innate Abilities, Weirdness & Mutations

You are immune to sickness and miasma.
Your stone body is resilient. (AC +4)
You are immune to poison.
You resist negative energy. (rN+)
You are resistant to electric shocks. (rElec)
You are resistant to unholy torment.
You are immune to petrification.


Message History

Pikel is moderately wounded.
Pikel hits you but does no damage.
You hit Pikel.
Pikel is heavily wounded.
Pikel hits you but does no damage.
You closely miss Pikel.
Pikel is heavily wounded.
Pikel hits you but does no damage.
You hit Pikel.
Pikel is heavily wounded.
Pikel hits you with a +2 whip of flaming.
Pikel burns you.
You hit Pikel.
Pikel is severely wounded.
Pikel zaps a wand.
The bolt of light hits you but does no damage.
A lemure comes into view.
The lemure shouts!
You hit Pikel but do no damage.
Pikel is severely wounded.
The lemure completely misses you.
Pikel hits you with a +2 whip of flaming.
* * * LOW HITPOINT WARNING * * *
Pikel burns you.
* * * LOW HITPOINT WARNING * * *
You hit Pikel but do no damage.
Pikel is severely wounded.
You block Pikel's attack. The lemure hits you but does no damage.
You hit Pikel.
Pikel is almost dead.
You closely miss Pikel.
Pikel is almost dead.
Pikel waves his whip at you. Pikel hits you but does no damage.
You block the lemure's attack.
You closely miss Pikel.
Pikel is almost dead.
Pikel hits you with a +2 whip of flaming!
* * * LOW HITPOINT WARNING * * *
Pikel burns you.
You die...

###############.......
..............+......
..)........####......
######..##.#.##......
.............#.......
######...........# .:
#...........#.###....
##
#.#....##...5........
.#
#.#.......#.#@##....
.###.#.......#.#K# .
.'...#..#...##.#55.#
.########.#..#.#.#.#
.'...........#.#.###
.########.####.#.#
.###### ..#.# ..)...#
?.# ......# ..+


You could see Pikel and 3 lemures.

Vanquished Creatures
  An orc priest (D:2)
  A hound (D:4)
  Natasha (thrice) (D:4)
  An orc wizard (D:3)
  2 adders
  4 gnolls
  A worm (D:3)
  3 dart slugs
  7 orcs
  9 ball pythons
  2 endoplasms
  2 giant cockroaches (D:1)
  7 hobgoblins
  3 jackals (D:1)
  8 kobolds
  3 quokkas
  5 bats
  3 frilled lizards
  4 goblins
  6 rats
75 creatures vanquished.

Notes
Turn   | Place    | Note
-------+----------+-------------------------------------------
     0 | D:1      | AdnanSaban the Gargoyle Fighter began the quest for the
                  | Orb.
     0 | D:1      | Reached XP level 1. HP: 14/14 MP: 1/1
   148 | D:1      | Reached XP level 2. HP: 7/19 MP: 2/2
   632 | D:1      | You fall into a shaft and drop 1 floor!
   648 | D:1      | Reached XP level 3. HP: 23/23 MP: 3/3
  1474 | D:2      | Found a sparkling altar of Nemelex Xobeh.
  1838 | D:2      | Reached XP level 4. HP: 12/29 MP: 4/4
  2030 | D:3      | Found a bloodstained altar of Trog.
  2099 | D:2      | Reached XP level 5. HP: 18/33 MP: 5/5
  2306 | D:3      | Found a burning altar of Makhleb.
  2528 | D:3      | Found a faded altar of an unknown god.
  2742 | D:3      | Found a glowing golden altar of the Shining One.
  2809 | D:4      | Noticed Natasha
  2817 | D:4      | Killed Natasha
  2882 | D:4      | Reached XP level 6. HP: 39/39 MP: 6/6
  2887 | D:4      | Noticed Natasha
  2898 | D:4      | Killed Natasha
  2921 | D:4      | Noticed Natasha
  2939 | D:4      | Killed Natasha
  2970 | D:4      | Noticed Pikel
  2994 | D:4      | HP: 1/39 [Pikel/+2 whip of flaming (8)]
  2994 | D:4      | Slain by Pikel

Illustrated notes

Levels and vault maps discovered:
D:1:      nicolae_arrival_washed_ashore, layout_basic,
          dreamdust_princess_bridge, minmay_indecisive_spiral
D:2:      layout_loops_ring, basic_altar, kennysheep_cross_bottleneck
D:3:      layout_basic, mainiacjoe_overflow_tiny_flanked, tso_altar,
          mainiacjoe_overflow_chevrons, chequers_ecumenical_altar_twisty,
          st_stairs_1, minmay_misc_feat_square
D:4:      layout_basic, lemuel_coloured_pillars_altar,
          pdpol_wu_jian_five_deadly_venoms, uniq_natasha, uniq_ijyb, uniq_pikel

Skill      XL: |  1  2  3  4  5 |
---------------+----------------+-----
Armour         | 4 |  4.9
Maces & Flails | 3 4 |  4.2
Fighting       | 4 |  4.4
Shields        | 4 |  4.2

Action                     |  1- 3 |  4- 6 || total
---------------------------+-------+-------++-------
  Melee: Flail             |   135 |    38 ||   173
         Whip              |       |   130 ||   130
 Armour: Scale mail        |    48 |       ||    48
         Chain mail        |    38 |   105 ||   143
  Dodge: Dodged            |    57 |    69 ||   126
  Block: Buckler           |    34 |    45 ||    79

Table legend: (Time is in decaauts)
 A = Elapsed time spent in this place.
 B = Non-inter-level travel time spent in this place.
 C = Inter-level travel time spent in this place.
 D = Time resting spent in this place.
 E = Time spent auto-exploring this place.
 F = Levels seen in this place.
 G = Mean time per level.
                   A        B        C        D        E       F      G
               +--------+--------+--------+--------+--------+-----+--------+
         Total |   3047 |   2987 |     60 |    205 |   2132 |   4 |  761.8 |
       Dungeon |   3047 |   2987 |     60 |    205 |   2132 |   4 |  761.8 |
               +--------+--------+--------+--------+--------+-----+--------+

Top non-repeatable levels by time:
     D:1: 1201 daAuts
     D:2: 902 daAuts
     D:3: 731 daAuts
     D:4: 212 daAuts
